 Dungeon Crawl Stone Soup version 0.24.0-123-gd5b16e6ec5 (webtiles) character file.

Game seed: 10286306363902037141, levelgen mode: deterministic

20058 1994 the Warrior (level 12, -6/214 HPs)
             Began as an Ogre Berserker on Dec 30, 2019.
             Was a High Priest of Trog.
             Mangled by a sixfirhy (12 damage)
             ... summoned by an orc high priest
             ... on level 2 of the Orcish Mines on Dec 31, 2019.
             The game lasted 00:49:04 (22897 turns).

1994 the Warrior (Ogre Berserker)                  Turns: 22897, Time: 00:49:04

Health: -6/214     AC:  6    Str: 33    XL:     12   Next: 75%
Magic:  12/12      EV: 10    Int:  8    God:    Trog [*****.]
Gold:   1321       SH:  0    Dex:  8    Spells: 11/11 levels left

rFire    + . .     SeeInvis +   a - +5 giant spiked club (freeze)
rCold    . . .     Gourm    +   (shield currently unavailable)
rNeg     . . .     Faith    .   m - +2 robe
rPois    .         Spirit   .   (helmet restricted)
rElec    .         Reflect  .   y - +0 cloak
rCorr    .         Harm     .   (gloves unavailable)
MR       +....                  (boots unavailable)
Stlth    ..........             v - amulet of the gourmand
HPRegen  0.45/turn              T - ring of protection from fire
MPRegen  0.13/turn              U - ring of see invisible

@: berserking, very quick
A: large, unfitting armour, tough skin 1
a: Berserk, Trog's Hand, Brothers in Arms, Renounce Religion


You were on level 2 of the Orcish Mines.
You worshipped Trog.
Trog was extremely pleased with you.
You were very full.

You visited 4 branches of the dungeon, and saw 15 of its levels.
You also visited: Ossuary.

You collected 1388 gold pieces.
You spent 67 gold pieces at shops.

Inventory:

Hand Weapons
 a - a +5 giant spiked club of freezing (weapon)
 b - a +1 giant club
 q - a +0 hunting sling
 x - a +4 quarterstaff of chaos
 P - a +2 mace of venom
 W - the +5 quarterstaff of Success {flame, *Slow +Fly rPois Dex+8}
   (Trog gifted it to you on level 2 of the Orcish Mines)

   It has been specially enchanted to burn those struck by it, causing extra
   injury to most foes and up to half again as much damage against particularly
   susceptible opponents.
   It affects your dexterity (+8).
   It protects you from poison.
   It lets you fly.
   It may slow you when you take damage.
Missiles
 d - 33 poisoned darts
 i - 97 sling bullets
 n - 307 stones (quivered)
 w - 5 javelins
 z - a throwing net
 A - 39 boomerangs
 Q - 13 curare-tipped darts
 X - 13 large rocks
Armour
 m - a +2 robe (worn)
 y - a +0 cloak (worn)
Jewellery
 v - an amulet of the gourmand (around neck)
 T - a ring of protection from fire (left hand)
 U - a ring of see invisible (right hand)
Wands
 h - a wand of flame (13)
 l - a wand of paralysis (10)
 t - a wand of acid (5)
 N - a wand of scattershot (9)
 V - a wand of iceblast (3)
Scrolls
 e - 6 scrolls of remove curse
 j - 2 scrolls of teleportation
 p - 4 scrolls of immolation
 s - a scroll of noise {unknown}
 u - a scroll of amnesia {unknown}
 C - a scroll of brand weapon
 G - a scroll of fear {unknown}
 H - a scroll of vulnerability {unknown}
 I - a scroll of summoning {unknown}
 K - a scroll of magic mapping
 O - a scroll of blinking {unknown}
 R - a scroll of fog {unknown}
 S - a scroll of enchant armour {unknown}
Potions
 f - 6 potions of brilliance
 g - 4 potions of agility
 k - 4 potions of haste
 o - 2 potions of flight
 r - a potion of resistance
 B - a potion of heal wounds
 D - 5 potions of might
 E - a potion of berserk rage
 J - 8 potions of curing
 L - 2 potions of cancellation
 M - a potion of invisibility
Comestibles
 c - 28 rations
 F - 3 chunks of flesh


   Skills:
 + Level 15.2 Fighting
 * Level 15.1 Maces & Flails
 - Level 2.6 Dodging


You had 11 spell levels left.
You didn't know any spells.
Your spell library was empty.

Dungeon Overview and Level Annotations

Branches:
Dungeon (11/15)            Temple (1/1) D:6            Lair (1/6) D:10
    Orc (2/2) D:10            Elf (0/3) Orc:2       Ossuary (visited)

Altars:
Ashenzari
Cheibriados
Dithmenos
Elyvilon
Fedhas
Gozag
Hepliaklqana
Kikubaaqudgha
Makhleb
Nemelex Xobeh
Okawaru
Qazlal
Ru
Sif Muna
Trog
Uskayaw
Vehumet
Wu Jian
Xom
Yredelemnul
Zin
The Shining One

Shops:
Orc:1 *   Orc:2 %


Innate Abilities, Weirdness & Mutations

You are too large for most types of armour.
You have tough skin. (AC +1)


Message History

The sixfirhy shocks you!
* * * LOW HITPOINT WARNING * * *
Unknown command.
Unknown command.
You impale the sixfirhy!! You freeze the sixfirhy.
The sixfirhy is heavily wounded.
Unknown command.
Unknown command.
You closely miss the sixfirhy.
The sixfirhy is heavily wounded.
Unknown command.
Unknown command.
You completely miss the sixfirhy.
The sixfirhy is heavily wounded.
You closely miss the sixfirhy.
The sixfirhy is heavily wounded.
The sixfirhy hits you!
* * * LOW HITPOINT WARNING * * *
The sixfirhy shocks you!
You die...

####### #.#.....#..##...##
#######4)[.......#.## #
#.......[...#.....######
##....[o.........##.#.#.
#........3......##......
##...#.().##...####.#...
#..)##.#####.### ##....
##).##3########.###.#..#
##...#..@##.##....#....#.
##.#.###..................
#...[[##.....##....#.##...
####)#.####...####...####...
##.....## ##....###...#.....
#....)#### ##.....###.#.>....
##....[#.###.......#####.....
##..[.#)[..#........####)))..
#..)[###.............##.#.)..


You could see a sixfirhy.

Vanquished Creatures
  A stone giant (Orc:2)
  A two-headed ogre (D:11)
  An orc high priest (Orc:2)
  Sonja (Orc:1)
  An unseen horror (D:11)
  4 orc knights (Orc:2)
  An ugly thing (D:11)
  A spiny frog (Lair:1)
  A komodo dragon (D:8)
  2 trolls
  Prince Ribbit (D:9)
  2 hippogriffs
  A wraith (D:11)
  A spriggan (D:9)
  4 yaks (D:10)
  A human (D:10)
  Grum (D:11)
  A basilisk (D:10)
  A water moccasin (D:11)
  Duvessa (D:7)
  3 porcupines (D:10)
  31 orc warriors
  5 ice beasts
  2 sky beasts
  A hornet zombie (D:8)
  A phantom (D:9)
  2 necrophages
  A black bear (D:7)
  2 wolves (D:11)
  6 ogres
  14 centaurs
  5 crocodiles
  11 bullfrogs
  Dowan (D:7)
  7 killer bees
  3 scorpions
  4 howler monkeys
  5 wights (D:7)
  3 bullfrog zombies
  9 crimson imps
  2 centaur zombies
  2 jellies
  Crazy Yiuf (D:3)
  9 hounds
  28 orc priests
  2 centaur skeletons
  30 orc wizards
  2 bullfrog skeletons
  6 iguanas
  Terence (D:3)
  Jessica (D:2)
  Ijyb (D:3)
  Natasha (thrice) (D:3)
  12 worker ants
  A big kobold zombie (Ossuary)
  2 hound zombies
  A hound skeleton (D:4)
  8 mummies (Ossuary)
  Robin (D:2)
  A howler monkey zombie (D:7)
  2 worker ant zombies
  2 gnolls (D:10)
  11 adders
  2 shadow imps
  2 oozes
  An adder zombie (D:9)
  An adder skeleton (D:5)
  3 worms
  5 dart slugs
  4 leopard geckos
  79 orcs
  2 ball pythons
  8 bats
  7 giant cockroaches
  A gnoll zombie (Ossuary)
  15 goblins
  6 hobgoblins
  4 jackals
  6 quokkas
  4 frilled lizards
  3 hobgoblin zombies (Ossuary)
  6 kobolds
  3 kobold zombies (Ossuary)
  A leopard gecko zombie (D:5)
  2 quokka skeletons
  10 rats
448 creatures vanquished.

Vanquished Creatures (collateral kills)
  A gnoll sergeant (D:10)
  A gnoll (D:10)
2 creatures vanquished.

Vanquished Creatures (others)
  A hound (D:10)
  A fungus (D:10)
  2 plants (D:10)
4 creatures vanquished.

Grand Total: 454 creatures vanquished

Notes
Turn   | Place    | Note
-------+----------+-------------------------------------------
     0 | D:1      | 1994 the Ogre Berserker began the quest for the Orb.
     0 | D:1      | Reached XP level 1. HP: 24/24 MP: 1/1
   333 | D:1      | Reached XP level 2. HP: 30/32 MP: 2/2
  1161 | D:2      | Reached XP level 3. HP: 39/40 MP: 3/3
  1216 | D:2      | Reached ** piety under Trog
  1236 | D:2      | Noticed Jessica
  1249 | D:2      | Killed Jessica
  1325 | D:2      | Reached XP level 4. HP: 36/49 MP: 4/4
  1678 | D:2      | Reached skill level 5 in Fighting
  1867 | D:2      | Noticed Robin
  1940 | D:2      | Killed Robin
  2204 | D:2      | Reached XP level 5. HP: 47/57 MP: 5/5
  2382 | D:3      | Noticed Natasha
  2398 | D:3      | Killed Natasha
  2911 | D:3      | Reached skill level 5 in Maces & Flails
  3132 | D:3      | Noticed Terence
  3144 | D:3      | Killed Terence
  3144 | D:3      | Reached XP level 6. HP: 67/67 MP: 6/6
  3330 | D:3      | Reached *** piety under Trog
  3406 | D:3      | Noticed Ijyb
  3414 | D:3      | Killed Ijyb
  3479 | D:3      | Noticed Natasha
  3508 | D:3      | Killed Natasha
  3772 | D:3      | Noticed Natasha
  3784 | D:3      | Killed Natasha
  3866 | D:3      | Found a runed translucent door.
  4049 | D:4      | Found a stormy altar of Qazlal.
  4052 | D:4      | Found an ancient bone altar of Kikubaaqudgha.
  4054 | D:4      | Found a basalt altar of Yredelemnul.
  4122 | D:3      | Noticed Crazy Yiuf
  4132 | D:3      | Killed Crazy Yiuf
  4321 | D:4      | Reached XP level 7. HP: 76/76 MP: 7/7
  5037 | D:4      | You fall into a shaft and drop 1 floor!
  5037 | D:5      | Entered Level 5 of the Dungeon
  5080 | D:5      | Reached XP level 8. HP: 88/88 MP: 8/8
  7070 | D:6      | Reached **** piety under Trog
  7073 | D:6      | Reached XP level 9. HP: 84/98 MP: 9/9
  7249 | D:6      | Found a staircase to the Ecumenical Temple.
  7265 | Temple   | Entered the Ecumenical Temple
  7894 | D:7      | Found a glowing silver altar of Zin.
  8183 | D:7      | Reached skill level 10 in Fighting
  8357 | D:7      | Reached skill level 10 in Maces & Flails
  8477 | D:7      | Found a sand-covered staircase.
  8512 | Ossuary  | Entered an ossuary
  8541 | Ossuary  | Received a gift from Trog
  9482 | D:7      | Noticed Duvessa
  9482 | D:7      | Noticed Dowan
  9499 | D:7      | Killed Duvessa
  9499 | D:7      | Reached XP level 10. HP: 111/111 MP: 10/10
  9500 | D:7      | Killed Dowan
 10598 | D:8      | Received a gift from Trog
 11411 | D:9      | Noticed Prince Ribbit
 11432 | D:9      | Killed Prince Ribbit
 11782 | D:9      | Reached ***** piety under Trog
 12759 | D:10     | Entered Level 10 of the Dungeon
 12952 | D:10     | Found a staircase to the Lair.
 12958 | D:10     | Reached XP level 11. HP: 124/124 MP: 11/11
 13974 | D:10     | Found a staircase to the Orcish Mines.
 15454 | D:11     | Noticed a two-headed ogre
 15460 | D:11     | Killed a two-headed ogre
 15602 | D:11     | Killed an unseen horror
 15622 | D:11     | Noticed Grum
 15641 | D:11     | Killed Grum
 16011 | D:11     | Noticed a purple ugly thing
 16017 | D:11     | Killed a purple ugly thing
 16599 | Lair:1   | Entered Level 1 of the Lair of Beasts
 17110 | Orc:1    | Entered Level 1 of the Orcish Mines
 17424 | Orc:1    | Reached XP level 12. HP: 139/139 MP: 12/12
 17731 | Orc:1    | Noticed Sonja
 17741 | Orc:1    | Killed Sonja
 17742 | Orc:1    | Received a gift from Trog
 18060 | Orc:1    | Found Cukhlu Minu's Mass Market.
 18069 | Orc:1    | Bought 2 large rocks for 19 gold pieces
 18069 | Orc:1    | Bought 3 large rocks for 29 gold pieces
 18069 | Orc:1    | Bought 2 large rocks for 19 gold pieces
 18230 | Orc:2    | Entered Level 2 of the Orcish Mines
 18269 | Orc:2    | Noticed a stone giant
 18599 | Orc:2    | Killed a stone giant
 18868 | Orc:2    | Found Kidurug's Food Emporium.
 21239 | Orc:2    | Found a staircase to the Elven Halls.
 21761 | Orc:2    | Received a gift from Trog
 21766 | Orc:2    | Got a jewelled quarterstaff {god gift}
 21768 | Orc:2    | Identified the +5 quarterstaff of Success {flame, *Slow
                  | +Fly rPois Dex+8} (Trog gifted it to you on level 2 of the
                  | Orcish Mines)
 22521 | Orc:2    | Noticed an orc high priest
 22535 | Orc:2    | Killed an orc high priest
 22535 | Orc:2    | Reached skill level 15 in Fighting
 22776 | Orc:2    | Reached skill level 15 in Maces & Flails
 22880 | Orc:2    | Noticed an orc high priest
 22897 | Orc:2    | HP: 6/214 [sixfirhy[an orc high priest] (8)]
 22897 | Orc:2    | Mangled by a sixfirhy

Levels and vault maps discovered:
D:1:      psy_arrival_basics, layout_basic, corexii_leaking_fountain
D:2:      layout_basic, first_ration, minmay_misc_feat_tiny,
          minmay_misc_feat_room, uniq_robin, uniq_jessica
D:3:      kennysheep_six_static_rooms, layout_basic, uniq_crazy_yiuf_cottage,
          uniq_terence, uniq_natasha, uniq_ijyb
D:4:      layout_gridville, grunt_temple_overflow_open,
          kennysheep_opposing_triangles
D:5:      layout_loops_ring, serial_bayou_lagoon_a
D:6:      layout_cave_pools, minmay_temple_entry_mist
D:7:      layout_loops_ring, overflow_temple_1_default,
          lightli_ossuary_entry_decrepit_ruins, uniq_duvessa
D:8:      layout_cave_pods
D:9:      layout_stronghold, uniq_prince_ribbit1
D:10:     layout_long_grid, minmay_lair_entry_grove, david_orc_3,
          hangedman_stone_soup
D:11:     layout_loops_ring, uniq_grum
Temple:   compressed_dpeg_circular_temple
Lair:1:   layout_chaotic_city
Orc:1:    layout_caves, serial_shops, minmay_shop_mass, uniq_sonja
Orc:2:    st_orc_pillars, layout_caves, serial_shops, nicolae_shop_behind_doors

Skill      XL: |  1  2  3  4  5  6  7  8  9 10 11 12 |
---------------+-------------------------------------+-----
Maces & Flails | 3 4 5 7 8 10 12 13 15 | 15.1
Fighting       | 5 6 7 9 10 12 14 15 | 15.2
Dodging        | |  2.6

Action                   |  1- 3 |  4- 6 |  7- 9 | 10-12 || total
-------------------------+-------+-------+-------+-------++-------
Melee: Mace              |    57 |   257 |    17 |       ||   331
       Flail             |       |       |   418 |       ||   418
       Giant club        |       |       |    18 |   373 ||   391
       Giant spiked club |       |       |       |   279 ||   279
Throw: Dart              |       |     1 |       |     7 ||     8
       Boomerang         |       |       |    45 |     1 ||    46
       Stone             |       |       |       |     9 ||     9
Invok: Berserk           |     1 |     5 |    10 |    21 ||    37
       Trog's Hand       |       |       |     2 |       ||     2
       Brothers in Arms  |       |       |       |     1 ||     1
Evoke: Wand              |       |       |       |     3 ||     3
  Use: Scroll            |       |       |    11 |    10 ||    21
       Potion            |       |       |       |     3 ||     3
 Stab: Paralysed         |       |       |       |     2 ||     2
  Eat: Chunk             |     2 |    12 |    38 |    63 ||   115
       Ration            |       |     1 |       |       ||     1
Armor: Animal skin       |    16 |       |       |       ||    16
       Robe              |     1 |   107 |   137 |   166 ||   411
Dodge: Dodged            |    27 |   143 |   211 |   320 ||   701
